 Dungeon Crawl Stone Soup version 0.31-a0-188-g5e087ee2ca (webtiles) character file.

Game seed: 6915017731263459435

122 qw the Skirmisher (level 4, -2/25 HPs)
             Began as a Deep Elf Hunter on June 22, 2023.
             Slain by a gnoll
             ... wielding a +0 halberd
              (10 damage)
             ... on level 3 of the Dungeon.
             The game lasted 00:00:53 (2071 turns).

qw the Skirmisher (Deep Elf Hunter)                 Turns: 2071, Time: 00:00:53

Health: -2/25      AC:  7    Str: 10    XL:     4   Next: 78%
Magic:  6/6        EV: 11    Int: 14    God:
Gold:   97         SH:  0    Dex: 18    Spells: 3/3 levels left

rFire   . . .        Y - +0 shortbow
rCold   . . .        (shield currently unavailable)
rNeg    . . .        e - +0 ring mail
rPois   .            c - +0 helmet
rElec   .            d - +0 cloak
rCorr   .            (no gloves)
SInv    .            (no boots)
Will    .....        (no amulet)
Stlth   +            (no ring)
HPRegen 0.24/turn    (no ring)
MPRegen 0.10/turn

%: no passive effects
@: no status effects
A: no striking features
a: no special abilities


You were on level 3 of the Dungeon.
You visited 1 branch of the dungeon, and saw 4 of its levels.

You collected 97 gold pieces.


   Skills:
 - Level 1.5 Fighting
 + Level 8.2 Ranged Weapons
 - Level 2.4 Dodging
 - Level 1.2 Stealth


You had 3 spell levels left.
You didn't know any spells.
Your spell library was empty.

Inventory:

Hand Weapons
 Y - a +0 shortbow (weapon)
Armour
 c - a +0 helmet (worn)
 d - a +0 cloak (worn)
 e - a +0 ring mail (worn)
Scrolls
 a - a scroll of identify
Potions
 b - a potion of curing
 f - a potion of might {unknown}
 g - a potion of attraction {unknown}
 h - a potion of mutation {unknown}
 i - a potion of haste {unknown}
 j - a potion of brilliance {unknown}

Dungeon Overview and Level Annotations

Branches:
Dungeon (4/15)
 Temple: D:4-7

Altars:
Fedhas
Qazlal
Sif Muna

Shops:
D:1 [*?*   D:2 (

Annotations:
D:2 1 runed translucent door, Crazy Yiuf


Message History

Done exploring.
(D) Dungeon
Where to? (* - list waypoints, Enter - D:3, ? - help)
What level of the Dungeon? (default 1, ? - help)
There is a stone staircase leading down here.
You climb downwards.
The gnoll shouts! x2
Found a scroll of amnesia.
There is a stone staircase leading up here.
There are monsters nearby!
Waypoint 3 assigned to D:4.
You shoot an arrow. The arrow hits the gnoll.
The gnoll is lightly wounded.
The gnoll barely misses you.
You shoot an arrow. The arrow hits the gnoll.
The gnoll is lightly wounded.
The gnoll hits you but does no damage. The gnoll closely misses you.
You shoot an arrow. The arrow closely misses the gnoll.
The gnoll hits you with a +0 whip. The gnoll barely misses you.
The gnoll closely misses you.
You shoot an arrow. The arrow hits the gnoll.
The gnoll is heavily wounded.
The gnoll hits you but does no damage. The gnoll barely misses you. x2
You shoot an arrow. The arrow barely misses the gnoll.
The gnoll hits you with a +0 whip. The gnoll barely misses you.
The gnoll hits you with a +0 whip.
2068 ||| STAIRDANCE The gnoll barely misses you.
The gnoll hits you with a +0 halberd. The gnoll hits you with a +0 whip.
You climb upwards.
There is a stone staircase leading down here.
You shoot an arrow. The arrow hits the gnoll!
The gnoll is almost dead.
The gnoll hits you but does no damage. x2; The gnoll barely misses you.
The gnoll hits you with a +0 whip. The gnoll hits you with a +0 halberd.
The gnoll closely misses you.
You shoot an arrow.
The arrow hits the gnoll but does no damage.
The gnoll is almost dead.
The gnoll completely misses you. The gnoll hits you with a +0 halberd!
You die...

....................##.....#....#
....................##........###
......###...........##........###
................<.............##.
.......#......####...............
..............#....###...........
.####.####...%...#.##.)..........
.##.....##(...#g.#.##............
.#.......#....#g@g...............
.#.......#....#.#####............
....._........#.# #............
.#.......#....#.# #............
.#.......#....#.# ##.##........
.##.....##....#.# #.##........
.####.####.##.#.# #.##########
....?......##.#.# #.#
#############.#.# #.#


You could see 3 gnolls.

Vanquished Creatures
  An orc wizard (D:3)
  2 adders
  A worm (D:2)
  A dart slug (D:2)
  4 orcs (D:3)
  5 bats
  4 endoplasms
  7 goblins
  5 hobgoblins
  10 jackals
  5 quokkas
  5 ball pythons
  4 kobolds
  7 rats
61 creatures vanquished.

Notes
Turn   | Place    | Note
-------+----------+-------------------------------------------
     0 | D:1      | qw the Deep Elf Hunter began the quest for the Orb.
     0 | D:1      | Reached XP level 1. HP: 12/12 MP: 3/3
     0 | D:1      | 0 ||| qw: Version: 0.3-a-9-g12657ce
     0 | D:1      | 0 ||| qw: Game counter: 3051
     0 | D:1      | 0 ||| qw: Always use a shield: true
     0 | D:1      | 0 ||| qw: God list: Okawaru
     0 | D:1      | 0 ||| qw: Allow faded altars: false
     0 | D:1      | 0 ||| qw: Do Orc after D:15 true
     0 | D:1      | 0 ||| qw: Do second Lair branch before Depths: true
     0 | D:1      | 0 ||| qw: Lair rune preference: random
     0 | D:1      | 0 ||| qw: Plans: Normal
     0 | D:1      | 0 ||| PLANNING D:1-11
    14 | D:1      | Found Leyvosad's Magic Scroll Shoppe.
    40 | D:1      | 40 ||| SHOPLISTING scroll of enchant armour (90 gold, have
                  | 5).
    40 | D:1      | 40 ||| SHOPLISTING scroll of identify (24 gold, have 5).
    40 | D:1      | 40 ||| SHOPLISTING scroll of teleportation (36 gold, have
                  | 5).
    40 | D:1      | Found Roluwada's General Store.
    48 | D:1      | 48 ||| SHOPLISTING +0 ring mail (40 gold, have 5).
    48 | D:1      | 48 ||| SHOPLISTING potion of heal wounds (50 gold, have 5).
    48 | D:1      | 48 ||| SHOPLISTING scroll of identify (20 gold, have 5).
    68 | D:1      | Found Nudotz's General Store.
    74 | D:1      | 74 ||| SHOPLISTING scroll of teleportation (36 gold, have
                  | 5).
   121 | D:1      | Reached skill level 6 in Ranged Weapons
   121 | D:1      | Reached XP level 2. HP: 16/16 MP: 4/4
   649 | D:1      | Reached XP level 3. HP: 20/20 MP: 5/5
   667 | D:1      | Found Adwysmotz's Armour Shoppe.
   677 | D:1      | 677 ||| SHOPLISTING +0 ice dragon scales (600 gold, have
                  | 23).
   677 | D:1      | 677 ||| SHOPLISTING +0 pair of boots (45 gold, have 23).
   677 | D:1      | 677 ||| SHOPLISTING +2 scale mail of cold resistance (210
                  | gold, have 23).
   717 | D:1      | 717 ||| UPGRADING to +0 ring mail.
   727 | D:1      | 727 ||| DROPPING +0 leather armour.
   728 | D:1      | 728 ||| READING 2 scrolls labelled CYOHUACW JEODURCH.
   729 | D:1      | 729 ||| READING scroll labelled WEWKOGUEGI.
   765 | D:1      | 765 ||| READING scroll labelled SAESCH MUOMY.
   766 | D:1      | 766 ||| DROPPING scroll of butterflies.
   884 | D:2      | Found a faded altar of an unknown god.
   973 | D:2      | Reached skill level 7 in Ranged Weapons
   998 | D:2      | Found Ikiabuer's Weapon Boutique.
  1325 | D:2      | Reached XP level 4. HP: 25/25 MP: 6/6
  1353 | D:2      | Found a runed translucent door.
  1354 | D:2      | Noticed Crazy Yiuf
  1466 | D:2      | 1466 ||| UPGRADING to +0 helmet.
  1471 | D:2      | 1471 ||| READING scroll labelled HAETOM ZOIL.
  1472 | D:2      | 1472 ||| READING scroll labelled QUNOSHREYKUR.
  1521 | D:3      | Found a stormy altar of Qazlal.
  1523 | D:3      | Found a blossoming altar of Fedhas.
  1668 | D:3      | Identified the +8 whip of Terror {venom, Dex+3}
  1695 | D:3      | Found a shimmering blue altar of Sif Muna.
  1764 | D:3      | Reached skill level 8 in Ranged Weapons
  2032 | D:3      | 2032 ||| UPGRADING to +0 cloak.
  2037 | D:3      | 2037 ||| READING 2 scrolls of identify.
  2037 | D:3      | 2037 ||| IDENTIFYING ruby potion
  2068 | D:4      | 2068 ||| STAIRDANCE
  2071 | D:3      | Slain by a gnoll

Levels and vault maps discovered:
D:1:      dpeg_arrival_simpleton_a, layout_basic, serial_shops, shop,
          nicolae_shop_statue_plus, shop, shop, minmay_close_crescents
D:2:      layout_loops_cross, serial_shops, shop,
          shapermc_ecumenical_altar_rom_forum, minmay_misc_feat_pillars,
          uniq_crazy_yiuf_cottage
D:3:      layout_basic, grunt_temple_overflow_forces_of_nature,
          old_standard_altar
D:4:      layout_gridville, overflow_temple_1_default,
          minmay_temple_entry_junction, uniq_grinder

Skill      XL: |  1  2  3  4 |
---------------+-------------+-----
Ranged Weapons | 6 7 8 |  8.2
Fighting       | |  1.5
Dodging        | |  2.4
Stealth        | |  1.2

Action                     |  1- 3 |  4- 6 || total
---------------------------+-------+-------++-------
   Fire: Shortbow          |   148 |    45 ||   193
    Use: Scroll            |     3 |     3 ||     6
 Armour: Leather armour    |    11 |       ||    11
         Ring mail         |    19 |     6 ||    25
  Dodge: Dodged            |    46 |    12 ||    58

Table legend:
 A = Non-vault XP
 B = Vault XP
 C = Vault XP percentage of total XP
 D = Non-vault monster count
 E = Vault monster count
 F = Vault count percentage of total count
                 A         B        C        D         E       F
            +---------+---------+-------+---------+---------+-------
      Total |     168 |       7 |   4.0 |      57 |       4 |   6.6
            +---------+---------+-------+---------+---------+-------
        D:1 |      40 |       7 |  14.9 |      23 |       4 |  14.8
        D:2 |      50 |       0 |   0.0 |      18 |       0 |   0.0
        D:3 |      78 |       0 |   0.0 |      16 |       0 |   0.0
            +---------+---------+-------+---------+---------+-------
